[Event "ICC tourney 3188 (40 10)"]
[Site "Internet Chess Club"]
[Date "2023.05.06"]
[Round "5"]
[White "GHOSH, YOHAN:luckylion"]
[Black "LU, JOSHUA:qingjoshua"]
[Result "0-1"]
[ICCResult "White checkmated"]
[WhiteElo "1845"]
[BlackElo "2095"]
[Opening "Caro-Kann: exchange variation"]
[ECO "B13"]
[NIC "CK.02"]
[Time "20:00:12"]
[PlyCount "140"]
[TimeControl "2400+10"]

1. e4 c6 2. d4 d5 3. exd5 cxd5 4. Nf3 Nc6 5. c3 Nf6 6. Bd3 Qc7 7. O-O Bg4 8.
Nbd2 e6 9. Re1 Bd6 10. h3 Bh5 11. Qc2 O-O 12. b3 Rfc8 13. a3 a6 14. c4 dxc4
15. bxc4 Bg6 16. Bxg6 hxg6 17. c5 Na5 18. Bb2 b6 19. Qa4 bxc5 20. Rac1 c4
21. Bc3 Nb3 22. Nxb3 cxb3 23. Qxb3 Nd5 24. Bd2 Qd7 25. Rxc8+ Rxc8 26. Rc1
Rxc1+ 27. Bxc1 Qb5 28. Qc2 Nb6 29. g3 Qc4 30. Qd2 Qb3 31. Qa5 Qb5 32. Qd2 a5
33. Kg2 a4 34. Qc3 Qc4 35. Qb2 Qc6 36. Bf4 Nc4 37. Qc3 Bxa3 38. Kh2 Bb2 39.
Qd3 a3 40. Qb3 f6 41. Bg5 Qa8 42. Qxc4 Qxf3 43. Qxe6+ Kh7 44. Be3 Bc1 45.
Qa2 Bxe3 46. fxe3 Qxe3 47. d5 Qc5 48. h4 Qb4 49. Qg2 Kg8 50. Kh3 Qb2 51. Qe4
Qe5 52. Qc4 Qf5+ 53. g4 Qf3+ 54. Kh2 Qf2+ 55. Kh3 a2 56. d6+ Kh7 57. Qc1 Qd4
58. h5 a1=Q 59. hxg6+ Kxg6 60. Qc2+ Kh6 61. Qh2 Qab2 62. Qg3 Qbc3 63. d7
Qxg3+ 64. Kxg3 Qxd7 65. g5+ Kxg5 66. Kf3 Qd3+ 67. Kf2 Kf4 68. Ke1 Qc2 69.
Kf1 Kf3 70. Kg1 Qg2# {White checkmated} 0-1